 Dungeon Crawl Stone Soup version 0.26.1-11-gd32895ea62 (webtiles) character file.

Game seed: 11743631932008296726

92733 TheDoctor the Bludgeoner (level 16, -18/172 HPs)
             Began as an Ogre Hunter on June 13, 2021.
             Was the Champion of Okawaru.
             Demolished by an orc warrior
             ... wielding a +0 mace
              (29 damage)
             ... on level 2 of the Orcish Mines.
             The game lasted 02:08:45 (39420 turns).

TheDoctor the Bludgeoner (Ogre Hunter)             Turns: 39420, Time: 02:08:46

Health: -18/172    AC: 17    Str: 26    XL:     16   Next: 6%
Magic:  20/21      EV: 16    Int: 12    God:    Okawaru [******]
Gold:   1928       SH:  0    Dex: 10    Spells: 15/15 levels left

rFire    x . .     SeeInvis +   J - +3 flail (protect)
rCold    + + +     Faith    .   (no shield)
rNeg     . . .     Spirit   .   F - +0 troll leather armour {Purgy}
rPois    +         Reflect  .   M - +1 hat {Will+}
rElec    .         Harm     .   P - +2 cloak {rCorr}
rCorr    +         Rampage  .   (gloves unavailable)
Will     ++...                  (boots unavailable)
Stlth    ++........             (no amulet)
HPRegen  0.78/turn              V - ring of Trepidation {rPois rF- rC+++ Str+2 Stlth-}
MPRegen  0.17/turn              H - ring of see invisible

@: lethally poisoned (-18 -> -18), heroism, protection aura
A: large, unfitting armour, tough skin 1
a: Renounce Religion, Heroism, Finesse


You were on level 2 of the Orcish Mines.
You worshipped Okawaru.
Okawaru was exalted by your worship.
You visited 4 branches of the dungeon, and saw 24 of its levels.

You collected 2100 gold pieces.
You spent 172 gold pieces at shops.

Inventory:

Hand Weapons
 m - a +4 demon whip of freezing
 G - a +3 flail of freezing
 I - a +1 dagger of venom
 J - a +3 flail of protection (weapon)
 Q - a +3 morningstar
Missiles
 a - 11 curare-tipped darts
 j - 12 boomerangs of dispersal
 q - 11 poisoned darts
 w - 19 boomerangs
 A - 12 javelins (quivered)
 O - 16 large rocks
Armour
 d - a +0 kite shield
 F - a +0 troll leather armour (worn) {Purgy}
 M - a +1 hat of willpower (worn)
 P - a +2 cloak of preservation (worn)
Jewellery
 s - an uncursed ring of positive energy
 H - a ring of see invisible (right hand)
 U - an uncursed ring of protection from fire
 V - the ring of Trepidation (left hand) {rPois rF- rC+++ Str+2 Stlth-}
   (You found it on level 6 of the Lair of Beasts)

   [ring of attention]

   It affects your strength (+2).
   It makes you vulnerable to fire.
   It renders you almost immune to cold.
   It protects you from poison.
   It makes you less stealthy.
 W - an uncursed ring of protection from fire
Wands
 c - a wand of iceblast (26)
 D - a wand of digging (3)
 K - a wand of disintegration (15)
 N - a wand of enslavement (8)
Scrolls
 b - 2 scrolls of noise {unknown}
 g - 4 scrolls of immolation
 i - 7 scrolls of fog
 k - a scroll of silence {unknown}
 y - 7 scrolls of teleportation
 C - 3 scrolls of fear {unknown}
 X - 2 scrolls of amnesia {unknown}
Potions
 e - a potion of ambrosia
 f - 2 potions of resistance
 n - 3 potions of haste
 o - 5 potions of might
 r - a potion of invisibility
 t - a potion of magic {unknown}
 v - 6 potions of curing
 z - a potion of heal wounds


   Skills:
 - Level 14.0(19.0) Fighting
 + Level 15.6(20.6) Maces & Flails
 - Level 14.0(19.0) Throwing
 - Level 10.0(15.0) Dodging
 - Level 0.6(5.6) Stealth
 - Level 7.0 Invocations
 - Level 5.0 Evocations


You had 15 spell levels left.
You didn't know any spells.
Your spell library contained the following spells:

 Spells                   Type           Power        Failure   Level
 Animate Skeleton         Necr           0%           36%         1
 Apportation              Tloc           0%           36%         1
 Corona                   Hex            0%           36%         1
 Shock                    Conj/Air       0%           36%         1
 Summon Small Mammal      Summ           0%           36%         1
 Swiftness                Air            0%           50%         2
 Lesser Beckoning         Tloc           0%           73%         3
 Static Discharge         Conj/Air       0%           73%         3
 Tukima's Dance           Hex            0%           73%         3
 Airstrike                Air            0%           98%         4
 Alistair's Intoxication  Tmut/Pois      0%           100%        5
 Lightning Bolt           Conj/Air       0%           100%        5
 Invisibility             Hex            0%           100%        6


Dungeon Overview and Level Annotations

Branches:
Dungeon (15/15)            Temple (1/1) D:7            Lair (6/6) D:11
 Shoals (0/4) Lair:3        Snake (0/4) Lair:2        Slime (0/5) Lair:5
    Orc (2/2) D:11         Vaults (0/5) D:14
    Elf: Orc:2       Depths: D:15

Altars:
Ashenzari
Cheibriados
Dithmenos
Elyvilon
Fedhas
Gozag
Hepliaklqana
Kikubaaqudgha
Makhleb
Nemelex Xobeh
Okawaru
Qazlal
Ru
Sif Muna
Uskayaw
Vehumet
Wu Jian
Xom
Yredelemnul
Zin
The Shining One
Beogh

Shops:
D:4 [   D:9 :   D:10 :

Portals:
Trove: D:10 (give 17 scrolls of teleportation)

Annotations:
D:3 1 runed translucent door, Pepete's ghost, amateur HuFi
D:11 1 exclusion
Lair:1 exclusion: downstairs
Lair:3 2 runed translucent doors, Yjeari's ghost, journeyman GrMo


Innate Abilities, Weirdness & Mutations

You are too large for most types of armour.
You have tough skin. (AC +1)


Message History

The orc warrior is moderately wounded.
You feel sick. The orc wizard misses you. The orc misses you.
You barely miss the orc warrior.
The orc warrior is moderately wounded.
The orc warrior hits you with a +0 mace!
* * * LOW HITPOINT WARNING * * *
The orc wizard completely misses you.
You thump the orc warrior!
The orc warrior is heavily wounded.
The orc misses you.
The orc warrior hits you with a +0 mace!!
* * * LOW HITPOINT WARNING * * *
You feel much better. The orc wizard barely misses you. The orc misses you.
The orc warrior hits you with a +0 mace!!
* * * LOW HITPOINT WARNING * * *
Things that are here:
a +0 great mace; a +0 plate armour; a +1 flail of protection You feel sick.
The orc warrior hits you with a +0 mace!!
You die...

######### ######.##....##
##...#.........# ###
#............... ##.##
#########.............. #...###
##(#.#..#........#......
......####(()o)o.................
.3.o...#....#.#o@................
o..oo.#....######.....#.......<..
......##....# ##..........#.....
.......###.#####.................
...#...#######.#.................
........#####.......#............
..........#.##...#.##.....<......
#...o.รท.........#.###............
......###.#.##.....#......#......


You could see an orc warrior (strong), an orc wizard (strong, invisible) and an
orc (strong).

Vanquished Creatures
  Rupert (D:12)
  Frances (D:13)
  Kirke (D:12)
  Gastronok (Lair:2)
  An orc warlord (D:11)
  Nessos (D:11)
  8 hydras
  Harold (D:7)
  5 boulder beetles
  A vault guard (D:10)
  5 catoblepae
  9 death yaks (Lair:2)
  2 two-headed ogres
  3 tengu warriors
  Sonja (D:10)
  5 skeletal warriors (D:13)
  2 unseen horrors
  Pikel (D:5)
  A swamp dragon (shapeshifter) (D:13)
  A wolf spider zombie (D:12)
  2 orc knights
  A deep elf mage (D:13)
  9 ugly things
  5 oklob plants
  A cyclops (D:11)
  2 orc sorcerers
  An elephant (Lair:3)
  2 manticores
  Joseph (D:7)
  5 black mambas
  A gargoyle (D:10)
  12 cane toads
  Maggie (D:6)
  A rime drake (Lair:1)
  A freezing wraith (D:14)
  2 demonic crawlers
  10 komodo dragons
  A tengu conjurer (D:13)
  10 trolls
  11 polar bears
  A wind drake (Lair:3)
  18 blink frogs
  5 slime creatures (D:11)
  A raiju (shapeshifter) (D:14)
  7 dream sheep
  A raiju (Lair:6)
  2 shadows (D:14)
  A centaur simulacrum (D:12)
  A yak (shapeshifter) (D:14)
  31 yaks
  A vampire (D:14)
  4 wyverns
  A wraith (D:15)
  6 hogs
  3 basilisks
  A swamp worm (shapeshifter) (D:14)
  6 vampire mosquitoes
  Menkaure (D:7)
  Edmund (D:5)
  9 wargs
  A soldier ant (shapeshifter) (D:14)
  17 water moccasins
  14 hell hounds (Lair:6)
  18 orc warriors
  Purgy (D:4)
  6 sky beasts
  6 ice beasts
  A phantom (D:12)
  14 black bears
  An eye of draining (D:14)
  13 ogres
  8 centaurs
  33 wolves
  2 lemures (D:5)
  A big kobold (D:9)
  22 bullfrogs
  A wyvern zombie (D:12)
  6 scorpions
  A water moccasin skeleton (D:9)
  A wyvern skeleton (D:14)
  6 killer bees
  14 wights
  3 howler monkeys
  2 centaur zombies
  2 bullfrog zombies (D:13)
  A quasit (D:14)
  18 orc priests
  9 hounds
  3 jellies
  27 orc wizards
  Ijyb (D:4)
  2 centaur skeletons
  2 bullfrog skeletons
  3 iguanas
  15 worker ants
  A killer bee zombie (D:7)
  A hound zombie (D:5)
  A worker ant zombie (D:9)
  Robin (D:3)
  4 gnolls
  10 adders
  A howler monkey skeleton (D:8)
  2 shadow imps
  5 white imps
  An ooze (D:3)
  2 adder skeletons (D:5)
  An adder zombie (D:8)
  2 worms
  4 dart slugs
  10 leopard geckos
  52 orcs
  2 ball pythons
  5 bats
  5 giant cockroaches
  5 hobgoblins
  17 jackals
  17 kobolds
  6 quokkas
  8 frilled lizards
  23 goblins
  A quokka zombie (D:5)
  5 rats
698 creatures vanquished.

Vanquished Creatures (others)
  3 bushes (D:12)
  37 fungi
  53 plants
93 creatures vanquished.

Grand Total: 791 creatures vanquished

Notes
Turn   | Place    | Note
-------+----------+-------------------------------------------
     0 | D:1      | TheDoctor the Ogre Hunter began the quest for the Orb.
     0 | D:1      | Reached XP level 1. HP: 22/22 MP: 1/1
    16 | D:1      | You fall into a shaft and drop 1 floor!
   184 | D:2      | Reached XP level 2. HP: 29/31 MP: 2/2
   886 | D:1      | Reached XP level 3. HP: 37/39 MP: 3/3
  1564 | D:2      | You fall into a shaft and drop 1 floor!
  1575 | D:3      | Reached XP level 4. HP: 42/49 MP: 4/4
  1603 | D:3      | Reached skill level 5 in Throwing
  2199 | D:3      | Reached skill level 5 in Fighting
  2199 | D:3      | Reached XP level 5. HP: 38/57 MP: 5/5
  2807 | D:2      | Found a glowing golden altar of the Shining One.
  3607 | D:3      | Noticed Robin
  3666 | D:3      | Killed Robin
  3941 | D:3      | Found a runed translucent door.
  3946 | D:3      | Noticed Pepete's ghost (amateur HuFi)
  4103 | D:3      | Found a shimmering blue altar of Sif Muna.
  4104 | D:3      | Found a shimmering altar of Xom.
  4219 | D:4      | Noticed Ijyb
  4274 | D:4      | Killed Ijyb
  4322 | D:4      | Found a shadowy altar of Dithmenos.
  4613 | D:4      | Reached XP level 6. HP: 49/67 MP: 6/6
  4793 | D:4      | Found Zabanon's Antique Armour Boutique.
  4836 | D:4      | Noticed Purgy
  4874 | D:4      | Killed Purgy
  5069 | D:4      | Found a hide-covered altar of Uskayaw.
  5074 | D:4      | Found an ornate altar of the Wu Jian Council.
  5078 | D:4      | Found an opulent altar of Gozag.
  5170 | D:5      | Entered Level 5 of the Dungeon
  5330 | D:5      | Reached skill level 1 in Maces & Flails
  5357 | D:5      | Reached XP level 7. HP: 74/78 MP: 7/7
  5525 | D:5      | Reached skill level 2 in Maces & Flails
  5737 | D:5      | Found a sparkling altar of Nemelex Xobeh.
  5749 | D:5      | Found a hazy altar of Hepliaklqana.
  6112 | D:5      | Found a sacrificial altar of Ru.
  6242 | D:5      | Reached skill level 3 in Maces & Flails
  6327 | D:5      | Noticed Edmund
  6373 | D:5      | Killed Edmund
  6374 | D:5      | Reached XP level 8. HP: 70/87 MP: 8/8
  6566 | D:5      | Reached skill level 4 in Maces & Flails
  6597 | D:5      | Found a basalt altar of Yredelemnul.
  6789 | D:5      | Noticed Pikel
  6845 | D:5      | Killed Pikel
  6846 | D:5      | Reached skill level 5 in Maces & Flails
  7076 | D:5      | Reached skill level 6 in Maces & Flails
  7606 | D:6      | Reached XP level 9. HP: 93/93 MP: 9/9
  7630 | D:6      | Noticed Maggie
  7867 | D:6      | Reached skill level 7 in Maces & Flails
  7947 | D:6      | Killed Maggie
  8341 | D:6      | Found a sparkling altar of Nemelex Xobeh.
  9186 | D:7      | Reached skill level 8 in Maces & Flails
  9216 | D:7      | Found a staircase to the Ecumenical Temple.
  9217 | D:7      | Noticed Joseph
  9262 | D:7      | Killed Joseph
  9427 | Temple   | Entered the Ecumenical Temple
  9552 | Temple   | Became a worshipper of Warmaster Okawaru
  9669 | D:7      | Found a shimmering altar of Xom.
  9738 | D:7      | Noticed Harold
  9766 | D:7      | Killed Harold
  9767 | D:7      | Reached skill level 9 in Maces & Flails
  9767 | D:7      | Reached XP level 10. HP: 30/107 MP: 10/10
  9772 | D:7      | Noticed Menkaure
  9936 | D:7      | Killed Menkaure
  9937 | D:7      | Reached skill level 10 in Maces & Flails
 10264 | D:8      | Reached * piety under Okawaru
 10338 | D:7      | Reached skill level 1 in Invocations
 10790 | D:8      | Found a white marble altar of Elyvilon.
 11547 | D:9      | Found Ijadatur's Book Shoppe.
 11803 | D:9      | Found a broken altar of Ashenzari.
 11853 | D:9      | Noticed a two-headed ogre
 11879 | D:9      | Killed a two-headed ogre
 11879 | D:9      | Reached ** piety under Okawaru
 12121 | D:9      | Found a glowing silver altar of Zin.
 12327 | D:9      | Reached XP level 11. HP: 115/115 MP: 14/14
 12617 | D:10     | Entered Level 10 of the Dungeon
 12973 | D:10     | Noticed a vault guard
 12985 | D:10     | Killed a vault guard
 12985 | D:10     | Reached *** piety under Okawaru
 12986 | D:10     | Reached skill level 11 in Maces & Flails
 12986 | D:10     | Reached skill level 5 in Invocations
 13025 | D:10     | Found a portal to a secret trove of treasure.
 13154 | D:10     | Found Suenon's Book Boutique.
 13792 | D:10     | Noticed Sonja
 13801 | D:10     | Killed Sonja
 13801 | D:10     | Reached **** piety under Okawaru
 13802 | D:10     | Reached skill level 10 in Throwing
 13938 | D:11     | Noticed a boulder beetle
 14345 | D:11     | Killed an unseen horror
 14345 | D:11     | Received a gift from Okawaru
 14443 | D:11     | Killed a boulder beetle
 14444 | D:11     | Reached skill level 12 in Maces & Flails
 14488 | D:11     | Noticed a cyan ugly thing
 14504 | D:11     | Killed a cyan ugly thing
 14504 | D:11     | Received a gift from Okawaru
 14515 | D:11     | Noticed a red ugly thing
 14759 | D:11     | Found a sacrificial altar of Ru.
 14925 | D:11     | Killed a red ugly thing
 14925 | D:11     | Received a gift from Okawaru
 15049 | D:11     | Noticed a cyclops
 15172 | D:11     | Found a staircase to the Orcish Mines.
 15232 | D:11     | Reached ***** piety under Okawaru
 15266 | D:11     | Reached XP level 12. HP: 89/123 MP: 15/15
 15530 | D:11     | Reached skill level 13 in Maces & Flails
 15895 | D:11     | Found a staircase to the Lair.
 16246 | Lair:1   | Entered Level 1 of the Lair of Beasts
 16907 | Lair:1   | Received a gift from Okawaru
 17609 | Lair:2   | Noticed a seven-headed hydra
 17660 | Lair:2   | Reached skill level 10 in Fighting
 18619 | D:11     | Reached skill level 14 in Maces & Flails
 19292 | Lair:2   | Found a staircase to the Snake Pit.
 19473 | Lair:2   | Noticed a six-headed hydra
 19609 | Lair:2   | Killed a six-headed hydra
 19949 | Lair:2   | Noticed Gastronok
 20006 | Lair:2   | Killed Gastronok
 20006 | Lair:2   | Received a gift from Okawaru
 20007 | Lair:2   | Reached XP level 13. HP: 113/140 MP: 16/16
 20916 | Lair:2   | Reached skill level 1 in Evocations
 22023 | Lair:2   | Received a gift from Okawaru
 22102 | Lair:2   | Got a twisted robe {god gift}
 23147 | Lair:3   | Found a staircase to the Shoals.
 23549 | Lair:3   | Found a large runed translucent door.
 23618 | Lair:2   | Reached skill level 5 in Dodging
 23919 | Lair:3   | Found a large runed translucent door.
 23946 | Lair:2   | Reached ****** piety under Okawaru
 24324 | Lair:2   | Reached skill level 5 in Evocations
 24492 | Lair:2   | Identified the +2 robe "Uduirir" {Rampage rElec Will-
                  | Stlth-} (Okawaru gifted it to you on level 2 of the Lair of
                  | Beasts)
 24726 | Lair:3   | Noticed Yjeari's ghost (journeyman GrMo)
 25376 | D:4      | Bought a runed cloak for 172 gold pieces
 25681 | Lair:4   | Received a gift from Okawaru
 25702 | Lair:4   | You fall into a shaft and drop 2 floors!
 25702 | Lair:6   | Entered Level 6 of the Lair of Beasts
 25724 | Lair:6   | Reached XP level 14. HP: 128/149 MP: 18/18
 26173 | Lair:6   | Received a gift from Okawaru
 26361 | Lair:6   | Received a gift from Okawaru
 26364 | Lair:6   | Got a spiked animal skin {god gift}
 26804 | Lair:4   | Found an opulent altar of Gozag.
 27043 | Lair:4   | Identified the +1 animal skin of the Land of Plenty {rF+
                  | Dex+3} (Okawaru gifted it to you on level 6 of the Lair of
                  | Beasts)
 28423 | Lair:5   | Found a staircase to the Slime Pits.
 30741 | Lair:6   | HP: 5/154 [warg (12)]
 31264 | Lair:6   | Received a gift from Okawaru
 31696 | Lair:6   | Got a pitted jade ring
 32034 | D:11     | Identified the ring of Trepidation {rPois rF- rC+++ Str+2
                  | Stlth-} (You found it on level 6 of the Lair of Beasts)
 32363 | D:12     | Noticed Nessos
 32676 | D:11     | Killed Nessos
 32967 | D:12     | Reached XP level 15. HP: 116/163 MP: 20/20
 33226 | D:12     | Received a gift from Okawaru
 33247 | D:12     | Noticed Kirke
 33705 | D:12     | Received a gift from Okawaru
 33720 | D:12     | Killed Kirke
 33723 | D:12     | Got a transparent robe {god gift}
 33741 | D:12     | Found a blossoming altar of Fedhas.
 33757 | D:12     | Noticed Rupert
 33762 | D:12     | Killed Rupert
 35280 | D:13     | Noticed Frances
 35291 | D:13     | Killed Frances
 35292 | D:13     | Reached skill level 15 in Maces & Flails
 35831 | Lair:2   | Identified the +0 robe "Kohuav" {rPois Regen+ Str+7 Dex-4}
                  | (Okawaru gifted it to you on level 12 of the Dungeon)
 35987 | D:14     | Found a hide-covered altar of Uskayaw.
 36840 | D:14     | Received a gift from Okawaru
 36858 | D:14     | Found an opulent altar of Gozag.
 37526 | D:14     | Found a gate to the Vaults.
 37872 | D:15     | Entered Level 15 of the Dungeon
 38119 | Orc:1    | Entered Level 1 of the Orcish Mines
 38226 | Orc:1    | Noticed an orc warlord
 38364 | D:11     | Killed an orc warlord
 38543 | Orc:1    | Found a roughly hewn altar of Beogh.
 38714 | Orc:2    | Entered Level 2 of the Orcish Mines
 38814 | Orc:1    | Reached XP level 16. HP: 145/172 MP: 21/21
 39389 | Orc:2    | Received a gift from Okawaru
 39396 | Orc:2    | Reached skill level 10 in Dodging
 39417 | Orc:2    | HP: 3/172 [orc warrior/+0 mace (20)]
 39420 | Orc:2    | Demolished by an orc warrior

Illustrated notes

Levels and vault maps discovered:
D:1:      dpeg_arrival_rhombus, layout_loops_corners, minmay_pentomino_v2
D:2:      layout_rooms, tso_metal_star
D:3:      layout_loops_ring, gammafunk_temple_overflow_statue,
          ebering_ghost_reflecting_pool, minmay_misc_feat_alley,
          minmay_crystal_room, uniq_robin
D:4:      layout_loops_cross, nicolae_overflow_crystal_walls,
          minmay_overflow_temple_star_quad, serial_shops, shop, uniq_ijyb,
          uniq_purgy
D:5:      layout_layer_cave, nemelex_xobeh_ov_fountains_minmay,
          kennysheep_mini_moat, lemuel_crystal_altar, lemuel_round_altar,
          uniq_edmund, uniq_pikel
D:6:      layout_cave_pods, nemelex_diamond_rough_becter, uniq_maggie
D:7:      layout_loops_ring, minmay_temple_entry_grid, minmay_misc_feat_plants,
          xom_teletrap_fun, uniq_harold, uniq_menkaure, uniq_joseph
D:8:      layout_cave_pools, nicolae_overflow_hidden_temple, chequers_jeans,
          elyvilon_altar_5
D:9:      layout_roguey, nicolae_ashenzari_panopticon, zin_statuary,
          serial_shops, shop_fountains, minmay_hedge_maze
D:10:     layout_long_grid, serial_shops, shop, enter_trove_5, uniq_sonja
D:11:     layout_roguey, lair_entry_dummy, orc_0_dummy, basic_altar
D:12:     layout_cross, fedhas_bush_and_centaur_altar, uniq_nessos, uniq_kirke,
          uniq_rupert
D:13:     layout_cave_pods, enter_bailey_5, einodemon_crawler_minivault,
          uniq_frances
D:14:     layout_stronghold, david_vaults_2, basic_altar, lemuel_crystal_altar
D:15:     hangedman_depths_entry_civil_slaughter, layout_irregular_city,
          roderic_serpentine_path, serial_rivers,
          chequers_serial_rivers_micro_c, chequers_serial_rivers_micro_a,
          chequers_serial_rivers_small_a, chequers_serial_rivers_room_a,
          chequers_serial_rivers_small_a, gammafunk_ghost_crypt
Temple:   nicolae_temple_figure_zero
Lair:1:   layout_roguey
Lair:2:   layout_regular_city, dummy_snake_entry,
          nicolae_volcano_entry_lava_flow, grunt_megastairs_3,
          minmay_lair_oklob_chamber, uniq_gastronok
Lair:3:   layout_cave_pods, minmay_shoals_entry_beasts,
          ebering_ghost_disaster_area, chequers_serial_rivers_micro_a,
          minivault_24, hangedman_lair_generics_rect
Lair:4:   layout_cave_pods, basic_altar, infiniplex_staircase_pool_2
Lair:5:   layout_long_grid, minmay_slime_entry_oklob_enclosed,
          infiniplex_staircase_pool
Lair:6:   hangedman_lair_caniforms_friends, layout_loops_ring,
          grunt_megastairs_5
Orc:1:    layout_caves, basic_altar
Orc:2:    st_orc_congregation, layout_caves, mines2_lemuel

Skill      XL: |  1  2  3  4  5  6  7  8  9 10 11 12 13 14 15 16 |
---------------+-------------------------------------------------+-----
Fighting       | 3 4 5 6 7 9 12 14 | 14.0
Throwing       | 5 6 7 8 9 10 11 12 14 | 14.0
Maces & Flails | 1 3 6 9 10 12 14 15 | 15.6
Invocations    | 4 5 7 |  7.0
Dodging        | 6 9 10 | 10.0
Evocations     | 5 |  5.0
Stealth        | |  0.6

Action                   |  1- 3 |  4- 6 |  7- 9 | 10-12 | 13-15 | 16-18 || total
-------------------------+-------+-------+-------+-------+-------+-------++-------
Melee: Short sword       |   111 |   360 |    51 |       |       |       ||   522
       Dagger            |       |       |   180 |    12 |       |       ||   192
       Flail             |       |       |   123 |   881 |  1715 |   126 ||  2845
       Demon whip        |       |       |       |       |    75 |       ||    75
       Punch             |       |       |       |       |     1 |       ||     1
Throw: Stone             |     1 |    15 |    11 |    34 |       |       ||    61
       Dart              |       |    17 |    10 |    39 |    16 |       ||    82
       Large rock        |       |     5 |     7 |     7 |    51 |       ||    70
       Throwing net      |       |     2 |       |     2 |     2 |       ||     6
       Boomerang         |       |       |    43 |    55 |   238 |       ||   336
       Javelin           |       |       |       |       |    11 |     4 ||    15
Invok: Heroism           |       |       |       |       |     3 |     1 ||     4
Evoke: Wand              |       |       |     1 |     4 |    12 |       ||    17
  Use: Scroll            |       |     2 |       |     8 |    14 |       ||    24
       Potion            |       |       |       |       |     2 |     1 ||     3
 Stab: Sleeping          |       |     1 |       |     1 |     1 |       ||     3
       Held in net/web   |       |     1 |       |       |     1 |       ||     2
       Petrified         |       |       |       |       |    28 |       ||    28
       Petrifying        |       |       |       |       |     2 |       ||     2
Armor: Robe              |    32 |    62 |       |       |   161 |       ||   255
       Troll leather arm |       |    21 |   122 |   291 |   583 |    38 ||  1055
Dodge: Dodged            |    50 |   203 |   165 |   352 |   967 |    50 ||  1787
